 Dungeon Crawl Stone Soup version 0.30-a0-630-g881e3bac89 (webtiles) character file.

Game seed: 5982908002219265456

2508 Decipherer the Basher (level 9, -4/79 HPs)
             Began as an Armataur Berserker on Jan 13, 2023.
             Was an Elder of Trog.
             Slain by a gnoll sergeant
             ... wielding a +5 trident of electrocution
              (17 damage)
             ... on level 5 of the Dungeon.
             The game lasted 00:06:20 (4408 turns).

Decipherer the Basher (Armataur Berserker)          Turns: 4408, Time: 00:06:21

Health: -4/79      AC:  9    Str: 26    XL:     9   Next: 28%
Magic:  9/9        EV:  7    Int:  8    God:    Trog [****..]
Gold:   270        SH:  0    Dex: 10    Spells: 8/8 levels left

rFire   . . .      SeeInvis .    x - +1 flail
rCold   . . .      Faith    .    (no shield)
rNeg    . . .      Spirit   .    w - +0 chain mail
rPois   +          Reflect  .    (no helmet)
rElec   .          Harm     .    (no cloak)
rCorr   .          Roll     +    (no gloves)
Will    .....                    (no barding) Stlth
                                 u - amulet of regeneration
HPRegen 1.13/turn                q - ring of poison resistance
MPRegen 0.11/turn                (no ring)

@: on berserk cooldown, attractive, slowed, studying Axes, very slow
A: large, rugged brown scales 3, deformed body, armoured tail, roll, long
tongue, awkward tongue
a: Renounce Religion, Berserk, Trog's Hand, Brothers in Arms


You were on level 5 of the Dungeon.
You worshipped Trog.
Trog was greatly pleased with you.
You visited 1 branch of the dungeon, and saw 5 of its levels.
You also visited: Sewer.

You collected 270 gold pieces.

Inventory:

Hand Weapons
 x - a +1 flail (weapon)
Missiles
 g - 2 boomerangs of dispersal
 n - 8 poisoned darts
 r - 7 boomerangs
Armour
 w - a +0 chain mail (worn)
Jewellery
 q - a ring of poison resistance (left hand)
 u - an amulet of regeneration (around neck)
Scrolls
 c - 2 scrolls of blinking
 f - a scroll of fear {unknown}
 j - 3 scrolls of teleportation
 m - a scroll of vulnerability {unknown}
 o - a scroll of silence {unknown}
 v - a scroll of identify {unknown}
 y - a scroll of fog {unknown}
Potions
 d - 3 potions of curing
 e - a potion of lignification {unknown}
 h - a potion of haste {unknown}
 i - a potion of flight {unknown}
 k - a potion of berserk rage {unknown}
 l - a potion of attraction
 p - a potion of mutation {unknown}
 t - a potion of heal wounds


   Skills:
 + Level 5.6 Fighting
 + Level 8.3 Maces & Flails
 + Level 7.7 Armour
 + Level 2.7 Dodging
 + Level 3.0 Stealth


You had 8 spell levels left.
You didn't know any spells.
Your spell library contained the following spells:

 Spells                   Type           Power      Damage    Failure   Level
 Slow                     Hex            0%         N/A       92%         1
 Blink                    Tloc           0%         N/A       98%         2
 Momentum Strike          Conj/Tloc      0%         3d8       98%         2
 Confusing Touch          Hex            0%         N/A       100%        3
 Ignite Poison            Fire/Tmut/Pois 0%         N/A       100%        3
 Kindle Blastsparks       Fire/Tloc/Air  0%         2d10      100%        3
 Lesser Beckoning         Tloc           0%         N/A       100%        3
 Vampiric Draining        Necr           0%         2d6       100%        3
 Manifold Assault         Tloc           0%         N/A       100%        4
 Freezing Cloud           Conj/Ice/Air   0%         6-21      100%        5
 Storm Form               Tmut/Air       0%         N/A       100%        7


Dungeon Overview and Level Annotations

Branches:
Dungeon (5/15)              Sewer (visited)
 Temple: D:4-7

Altars:
Cheibriados
Dithmenos
Kikubaaqudgha
Vehumet

Annotations:
D:5 1 transporter


Innate Abilities, Weirdness & Mutations

You are completely covered in rugged brown scales. (AC +3, +7% HP)
Armour fits poorly on your strangely shaped body.
You have a long armoured tail.
You roll when moving toward enemies. (Rampage)
Your long tongue fully drains potion bottles. (2x potion effects)
Your tongue gives you trouble enunciating. (1.5x scroll delay)


Message History

The gnoll hits you but does no damage. The gnoll barely misses you.
The gnoll sergeant hits you with a +5 trident of electrocution!
The gnoll barely misses you. x2
The gnoll sergeant hits you with a +5 trident of electrocution.
Okay, then.
The gnoll attacks as you move away! The gnoll hits you with a +0 club.
The gnoll closely misses you.
The gnoll sergeant hits you but does no damage.
You are electrocuted!
The gnoll is attracted toward you.
There is a transporter landing site, spattered with blood here.
You sock the gnoll!
You kill the gnoll!
Trog accepts your kill.
You feel less confused. The gnoll hits you but does no damage.
The gnoll sergeant hits you with a +5 trident of electrocution.
You are electrocuted!
The gnoll barely misses you.
The gnoll sergeant hits you with a +5 trident of electrocution.
You sock the gnoll!
You tail-slap the gnoll, but do no damage.
The gnoll is almost dead.
The gnoll completely misses you. The gnoll sergeant barely misses you.
You hit the gnoll.
You kill the gnoll!
Trog accepts your kill.
The gnoll sergeant hits you with a +5 trident of electrocution!
* * * LOW HITPOINT WARNING * * *
The gnoll sergeant barely misses you. The gnoll sergeant blocks your attack.
The gnoll sergeant hits you with a +5 trident of electrocution.
* * * LOW HITPOINT WARNING * * *
You hit the gnoll sergeant but do no damage.
Your tail-slap misses the gnoll sergeant.
Your punch misses the gnoll sergeant.
The gnoll sergeant hits you with a +5 trident of electrocution.
* * * LOW HITPOINT WARNING * * *
The gnoll sergeant hits you with a +5 trident of electrocution.
* * * LOW HITPOINT WARNING * * *
You are electrocuted!
You die...

##..≈≈≈≈≈≈≈≈≈≈≈...≈≈≈≈≈≈≈≈≈≈≈..#
#...≈≈≈≈≈≈≈≈≈≈≈...≈≈≈≈≈≈≈≈≈≈≈..#
....≈≈#####...........#####≈≈..#
....≈≈#W8.#.###.©.###.#g8.#≈≈..#
....≈≈#.W.###g#####g###...#≈≈..#
....≈≈###........).W....###≈≈.##
....≈≈.8#.######)######)#8.≈≈.#
###.≈≈.##.#. #8)g#.⌠.#.##.≈≈.# #
#.~~.#g.g #⌠@)....'..#.~~.# #
#.≈≈.## #8(.#.⌠.#.##.≈≈.#
###.≈≈.8#.######'######.#8.≈≈.#
..#.≈≈###.).............###≈≈.#
#.#.≈≈#...###©#####g###..g#≈≈.#
#.#.≈≈#g8g#.###.©.###.#.8.#≈≈.#
#...≈≈#####.).........#####≈≈.#
#.#.≈≈≈≈≈≈≈≈≈≈≈≈~≈≈≈≈≈≈≈≈≈≈≈≈.#
#.#.≈≈≈≈≈≈≈≈≈≈≈≈~≈≈≈≈≈≈≈≈≈≈≈≈.#


You could see a gnoll sergeant.

Vanquished Creatures
  Pikel (D:4)
  The ghost of Odexios the Summoner, a novice OpSu (D:5)
  Eustachio (D:4)
  A water moccasin (D:4)
  2 black bears
  A sky beast (D:5)
  An ogre (D:5)
  A lemure (D:4)
  2 phantoms (D:5)
  2 bullfrogs (Sewer)
  2 scorpions
  A howler monkey (D:5)
  2 orc priests
  2 hounds (D:5)
  Natasha (thrice) (D:4)
  3 iguanas
  An orc wizard (D:4)
  Robin (D:3)
  6 gnolls
  12 adders
  A shadow imp (D:5)
  2 ufetubi (D:5)
  6 worms
  2 dart slugs
  10 orcs
  24 ball pythons
  3 bats
  11 endoplasms
  10 giant cockroaches (Sewer)
  16 goblins
  11 hobgoblins
  6 jackals
  12 quokkas
  7 frilled lizards (Sewer)
  10 kobolds
  4 rats
181 creatures vanquished.

Vanquished Creatures (collateral kills)
  A gnoll sergeant (D:5)
  A gnoll bouda (D:5)
  2 gnolls (D:5)
4 creatures vanquished.

Vanquished Creatures (others)
  6 plants (D:5)
6 creatures vanquished.

Grand Total: 191 creatures vanquished

Notes
Turn   | Place    | Note
-------+----------+-------------------------------------------
     0 | D:1      | Decipherer the Armataur Berserker began the quest for the
                  | Orb.
     0 | D:1      | Reached XP level 1. HP: 19/19 MP: 1/1
    85 | D:1      | Reached XP level 2. HP: 25/26 MP: 2/2
   298 | D:1      | Reached skill level 3 in Maces & Flails
   476 | D:1      | Reached skill level 1 in Stealth
   790 | D:2      | Reached ** piety under Trog
   798 | D:2      | Reached XP level 3. HP: 21/33 MP: 3/3
  1642 | D:3      | Reached XP level 4. HP: 32/40 MP: 4/4
  2170 | D:3      | Noticed Robin
  2199 | D:3      | Reached *** piety under Trog
  2202 | D:3      | Killed Robin
  2403 | D:4      | Found an ancient bone altar of Kikubaaqudgha.
  2414 | D:4      | HP: 3/60 [frozen (2)]
  2457 | D:3      | Reached XP level 5. HP: 29/48 MP: 5/5
  2513 | D:4      | Reached skill level 4 in Maces & Flails
  2560 | D:4      | Noticed Natasha
  2566 | D:4      | Killed Natasha
  2595 | D:4      | Found a glowing drain.
  2598 | Sewer    | Entered a sewer
  2737 | Sewer    | Reached XP level 6. HP: 54/54 MP: 6/6
  2790 | Sewer    | Reached **** piety under Trog
  2875 | Sewer    | Reached skill level 5 in Maces & Flails
  2997 | D:4      | Reached XP level 7. HP: 62/62 MP: 7/7
  3027 | D:4      | Noticed Natasha
  3036 | D:4      | Killed Natasha
  3158 | D:4      | Noticed Pikel
  3170 | D:4      | Killed Pikel
  3171 | D:4      | Reached skill level 6 in Maces & Flails
  3171 | D:4      | Reached skill level 5 in Armour
  3171 | D:4      | Reached XP level 8. HP: 51/71 MP: 8/8
  3259 | D:4      | Noticed Eustachio
  3264 | D:4      | Reached skill level 7 in Maces & Flails
  3300 | D:4      | Killed Eustachio
  3301 | D:4      | Reached skill level 5 in Fighting
  3420 | D:4      | Noticed Natasha
  3425 | D:4      | Killed Natasha
  3574 | D:5      | Entered Level 5 of the Dungeon
  3591 | D:5      | Found a shadowy altar of Dithmenos.
  3651 | D:5      | Reached ***** piety under Trog
  3882 | D:5      | Found a radiant altar of Vehumet.
  3897 | D:5      | Reached XP level 9. HP: 71/79 MP: 9/9
  3917 | D:5      | Reached skill level 8 in Maces & Flails
  3964 | D:5      | Found a snail-covered altar of Cheibriados.
  4061 | D:5      | Found a transporter.
  4122 | D:5      | Found a transporter.
  4131 | D:5      | Noticed Odexios's ghost (novice OpSu)
  4396 | D:5      | Killed Odexios's ghost
  4408 | D:5      | Slain by a gnoll sergeant

Illustrated notes

Levels and vault maps discovered:
D:1:      minmay_arrival_checkered_box, layout_basic, chequers_jeans,
          nrook_uturn
D:2:      layout_loops_cross
D:3:      kennysheep_big_flooded_room, layout_basic, uniq_robin
D:4:      layout_loops_ring, kiku_gazebo_pond_becter, portal_sewer_entry_b,
          minmay_manual_moon, uniq_natasha, uniq_pikel, uniq_eustachio
D:5:      layout_basic, nicolae_overflow_crystal_walls, grunt_dithmenos_shadows,
          marbit_many_paths, gammafunk_ghost_gnarly_gnolls

Skill      XL: |  1  2  3  4  5  6  7  8  9 |
---------------+----------------------------+-----
Fighting       | 3 4 5 |  5.6
Maces & Flails | 3 4 5 6 7 8 |  8.3
Stealth        | 1 2 3 |  3.0
Dodging        | 2 |  2.7
Armour         | 3 4 5 6 7 |  7.7

Action                   |  1- 3 |  4- 6 |  7- 9 || total
-------------------------+-------+-------+-------++-------
Melee: Mace              |    94 |    74 |       ||   168
       Tailslap          |     7 |    27 |    23 ||    57
       Punch             |     1 |     2 |     1 ||     4
       Flail             |       |   192 |   178 ||   370
Invok: Berserk           |       |     5 |     3 ||     8
       Brothers in Arms  |       |       |     2 ||     2
  Use: Scroll            |       |     5 |       ||     5
       Potion            |       |       |     4 ||     4
 Stab: Sleeping          |     2 |       |       ||     2
       Distracted        |       |       |     1 ||     1
Armor: Animal skin       |    48 |     3 |       ||    51
       Scale mail        |       |    19 |       ||    19
       Chain mail        |       |   177 |   138 ||   315
Dodge: Dodged            |    66 |   134 |    93 ||   293

Table legend: (Time is in decaauts)
 A = Elapsed time spent in this place.
 B = Non-inter-level travel time spent in this place.
 C = Inter-level travel time spent in this place.
 D = Time resting spent in this place.
 E = Time spent auto-exploring this place.
 F = Levels seen in this place.
 G = Mean time per level.
                   A        B        C        D        E       F      G
               +--------+--------+--------+--------+--------+-----+--------+
         Total |   4549 |   4424 |    125 |      0 |   3202 |   6 |  758.2 |
       Dungeon |   4207 |   4082 |    125 |      0 |   3088 |   5 |  841.4 |
         Sewer |    341 |    341 |      0 |      0 |    114 |   1 |  341.0 |
               +--------+--------+--------+--------+--------+-----+--------+

Top non-repeatable levels by time:
     D:4: 866 daAuts
     D:3: 862 daAuts
     D:2: 848 daAuts
     D:5: 840 daAuts
     D:1: 790 daAuts
   Sewer: 341 daAuts
